 Dungeon Crawl Stone Soup version 0.31-a0-1074-g0b22e4e0f1 (webtiles) character file.

Game seed: 10992178655920408156

254 grandjackal the Twirler (level 6, -7/48 HPs)
             Began as a Djinni Gladiator on Nov 28, 2023.
             Was an Initiate of Ashenzari.
             Mangled by a gnoll
             ... wielding a +0 halberd
              (10 damage)
             ... on level 3 of the Dungeon.
             The game lasted 00:03:23 (2687 turns).

grandjackal the Twirler (Djinni Gladiator)          Turns: 2687, Time: 00:03:23

Health: -7/48      AC:  4    Str: 13    XL:     6   Next: 37%
Gold:   26         EV: 13    Int: 11    God:    Ashenzari [......] SH:  0 Dex: 15

rFire   + + .        a - +0 quarterstaff
rCold   . . .        (shield currently unavailable)
rNeg    . . .        b - +0 leather armour
rPois   ∞            c - +0 helmet
rElec   .            (no cloak)
rCorr   .            (no gloves)
SInv    .            (boots unavailable)
Will    .....        (no amulet)
Stlth   +            f - ring of protection from cold
HPRegen 0.28/turn    (no ring)
MPRegen 0.00/turn

%: infuse magic (-8 HP)
@: flying
A: sickness immunity, fire resistance 2, cold vulnerability 1, float, innate
caster, HP casting, extra vitality 1
a: Renounce Religion


You were on level 3 of the Dungeon.
You worshipped Ashenzari.
Ashenzari was noncommittal.
You visited 1 branch of the dungeon, and saw 3 of its levels.
You also visited: Sewer.

You collected 164 gold pieces.
You spent 138 gold pieces at shops.

Inventory:

Hand Weapons
 a - a +0 quarterstaff (weapon)
 k - a +0 dagger of holy wrath
Missiles
 d - 2 throwing nets (quivered)
 e - a javelin
 l - 8 poisoned darts
Armour
 b - a +0 leather armour (worn)
 c - a +0 helmet (worn)
Jewellery
 f - a ring of protection from cold (left hand)
Wands
 t - a wand of iceblast (3)
Scrolls
 g - 2 scrolls of enchant armour {unknown}
 h - a scroll of immolation {unknown}
 i - 2 scrolls of torment {unknown}
 j - 4 scrolls of identify {unknown}
 m - 2 scrolls of fog {unknown}
 n - 2 scrolls of teleportation {unknown}
 s - a scroll of blinking {unknown}
 v - a scroll of summoning {unknown}
Potions
 o - a potion of brilliance {unknown}
 p - a potion of degeneration {unknown}
 q - a potion of haste {unknown}
 r - a potion of mutation {unknown}
 u - a potion of cancellation {unknown}


   Skills:
 + Level 4.3 Fighting
 + Level 4.4 Staves
 - Level 1.5 Throwing
 - Level 4.0 Dodging


You knew the following spells:

 Your Spells              Type           Power      Damage    Failure   Level
a - Freeze                Ice            0%         1d3       41%         1
b - Lesser Beckoning      Tloc           0%         N/A       56%         2
Your spell library was empty.

Dungeon Overview and Level Annotations

Branches:
Dungeon (3/15)              Sewer (visited)

Altars:
Ashenzari

Shops:
D:3 *


Innate Abilities, Weirdness & Mutations

You are immune to sickness and miasma.
You are immune to poison.
Your flesh is very heat resistant. (rF++)
You are vulnerable to cold. (rC-)
You float through the air rather than walking.
You learn spells naturally, not from books.
Your magical power is your life essence.
You have superior vitality. (+4 MHP)


Message History

There is a stone staircase leading down here.
You start resting.
HP restored.
You fly downwards.
There is a stone staircase leading up here.
The gnoll barely misses you.
You closely miss the gnoll. The gnoll barely misses you.
You barely miss the gnoll. The gnoll misses you.
You hit the gnoll.
The gnoll is lightly wounded.
The gnoll barely misses you.
You closely miss the gnoll.
The gnoll is lightly wounded.
The gnoll hits you with a +0 halberd!
You hit the gnoll.
The gnoll is moderately wounded.
The gnoll closely misses you.
You closely miss the gnoll.
The gnoll is moderately wounded.
The gnoll hits you with a +0 halberd!
You closely miss the gnoll.
The gnoll is moderately wounded.
The gnoll hits you with a +0 halberd.
You hit the gnoll but do no damage.
The gnoll is moderately wounded.
The gnoll closely misses you.
You barely miss the gnoll.
The gnoll is moderately wounded.
The gnoll hits you with a +0 halberd.
You barely miss the gnoll.
The gnoll is moderately wounded.
The gnoll hits you with a +0 halberd!
* * * LOW HITPOINT WARNING * * *
Throw: 3 throwing nets
Press: ? - help, Q - select action, (/) - cycle Shift-Dir - straight line, f - gnoll
Aim: a gnoll, wielding a +0 halberd and wearing a +0 leather armour (moderately wounded, 61% to hit)
You throw a throwing net.
The throwing net barely misses the gnoll.
The gnoll hits you with a +0 halberd!
You die...

### ..# ..# ..# .... ..##
.... ... ..... ##.#
.....#####<.# #.......@.##
#...###g..# . # #....>#.# .#
.########.###.# #.##
......###.###.###....
............#.....#####.##..
#####)...)......)#...# ....
#.######?..!.#...# ... #.
####..####...###...


You could see a gnoll.

Vanquished Creatures
  Jessica (D:3)
  Terence (D:3)
  A gnoll (D:3)
  7 adders
  6 river rats (Sewer)
  4 dart slugs
  4 orcs
  10 ball pythons
  3 endoplasms
  6 giant cockroaches
  5 goblins
  2 hobgoblins
  4 quokkas
  A bat (D:2)
  5 frilled lizards
  A kobold (D:2)
  15 rats
  A spectral goblin (D:2)
77 creatures vanquished.

Notes
Turn   | Place    | Note
-------+----------+-------------------------------------------
     0 | D:1      | grandjackal the Djinni Gladiator began the quest for the
                  | Orb.
     0 | D:1      | Reached XP level 1. HP: 18/18 MP: 0/0
    96 | D:1      | Reached XP level 2. HP: 20/23 MP: 0/0
   494 | D:1      | Reached XP level 3. HP: 27/29 MP: 0/0
   494 | D:1      | Learned a level 1 spell: Freeze
   894 | D:2      | Found a faded altar of an unknown god.
   928 | D:2      | Reached XP level 4. HP: 34/34 MP: 0/0
  1349 | D:3      | Found a broken altar of Ashenzari.
  1536 | D:3      | Became a worshipper of Ashenzari the Shackled
  1544 | D:3      | Found Juydwaix's Assorted Antiques.
  1552 | D:3      | Noticed Jessica
  1566 | D:3      | Killed Jessica
  1567 | D:3      | Reached XP level 5. HP: 36/40 MP: 0/0
  1567 | D:3      | Learned a level 2 spell: Lesser Beckoning
  1601 | D:3      | Found a glowing drain.
  1629 | Sewer    | Entered a sewer
  2133 | Sewer    | Reached XP level 6. HP: 38/47 MP: 0/0
  2518 | D:3      | Bought a long lead wand for 80 gold pieces
  2518 | D:3      | Bought a clear potion for 18 gold pieces
  2518 | D:3      | Bought a scroll labelled BETTAOBR BUET for 20 gold pieces
  2518 | D:3      | Bought a scroll labelled YCUYTWOSTROI for 20 gold pieces
  2561 | D:3      | Noticed Terence
  2571 | D:3      | Killed Terence
  2687 | D:3      | Mangled by a gnoll

Illustrated notes

Levels and vault maps discovered:
D:1:      lemuel_arrival_behind_the_door_large, layout_basic
D:2:      layout_loops_ring, dreamdust_ecumenical_altar_drowned_temple,
          chequers_serial_rivers_large_a, nicolae_titane
D:3:      layout_rooms, evilmike_ruin_ashenzari, overflow_temple_1_default,
          serial_shops, nicolae_shop_overgrown_old_shop, gup_sewer_entry_pipe,
          uniq_terence, uniq_jessica

Skill      XL: |  1  2  3  4  5 |
---------------+----------------+-----
Staves         | 3 4 |  4.4
Dodging        | 4 |  4.0
Fighting       | 3 4 |  4.3
Throwing       | |  1.5

Action                     |  1- 3 |  4- 6 || total
---------------------------+-------+-------++-------
  Melee: Quarterstaff      |    67 |   217 ||   284
  Throw: Throwing net      |       |     1 ||     1
   Stab: Sleeping          |     2 |     3 ||     5
 Armour: Leather armour    |    28 |   149 ||   177
  Dodge: Dodged            |    49 |   174 ||   223

Table legend: (Time is in decaauts)
 A = Elapsed time spent in this place.
 B = Non-inter-level travel time spent in this place.
 C = Inter-level travel time spent in this place.
 D = Time resting spent in this place.
 E = Time spent auto-exploring this place.
 F = Levels seen in this place.
 G = Mean time per level.
                   A        B        C        D        E       F      G
               +--------+--------+--------+--------+--------+-----+--------+
         Total |   2722 |   2688 |     34 |    552 |   1441 |   4 |  680.5 |
       Dungeon |   1892 |   1858 |     34 |    183 |   1207 |   3 |  630.7 |
         Sewer |    829 |    829 |      0 |    369 |    234 |   1 |  829.0 |
               +--------+--------+--------+--------+--------+-----+--------+

Top non-repeatable levels by time:
     D:2: 916 daAuts
   Sewer: 829 daAuts
     D:1: 624 daAuts
     D:3: 351 daAuts
